 Dungeon Crawl Stone Soup version 0.27-a0-1181-g5f64966fcc (webtiles) character file.

Game seed: 7965910114653260711

9788 Wyvernaa the Unseen (level 11, -6/72 HPs)
             Began as an Octopode Brigand on May 18, 2021.
             Was an Elder of Dithmenos.
             Mangled by a six-headed hydra (12 damage)
             ... on level 11 of the Dungeon.
             The game lasted 00:46:21 (10934 turns).

Wyvernaa the Unseen (Octopode Brigand)             Turns: 10934, Time: 00:46:21

Health: -6/72      AC:  9    Str: 11    XL:     11   Next: 52%
Magic:  11/15      EV: 13    Int: 14    God:    Dithmenos [****..]
Gold:   2032       SH:  0    Dex: 16    Spells: 10/10 levels left

rFire    . . .     SeeInvis .   k - +2 short sword (elec)
rCold    . . .     Faith    .   (no shield)
rNeg     . . .     Spirit   .   (helmet restricted)
rPois    .         Reflect  .   e - amulet of regeneration
rElec    .         Harm     .   h - +4 ring of protection
rCorr    .         Rampage  .   p - +4 ring of protection
Will     .....                  (no ring)
Stlth    ++++++++++             (no ring)
HPRegen  1.22/turn              (no ring)
MPRegen  0.14/turn              (no ring)
                                (no ring)
                                (no ring)

@: wreathed by umbra
A: almost no armour, amphibious, 8 rings, camouflage 1, gelatinous body 1,
(nimble swimmer 1), tentacles
a: Renounce Religion, Shadow Step


You were on level 11 of the Dungeon.
You worshipped Dithmenos.
Dithmenos was greatly pleased with you.
You visited 3 branches of the dungeon, and saw 13 of its levels.
You also visited: Ossuary.

You collected 2032 gold pieces.

Inventory:

Hand Weapons
 a - a +2 dagger of flaming
 k - a +2 short sword of electrocution (weapon)
 l - a +0 dagger of speed
 r - a +0 vampiric rapier
Missiles
 j - 9 poisoned darts (quivered)
 o - a curare-tipped dart
Jewellery
 e - an amulet of regeneration (around mantle)
 f - an amulet of guardian spirit
 h - a +4 ring of protection (left tentacle)
 p - a +4 ring of protection (right tentacle)
Wands
 b - a wand of paralysis (33)
 c - a wand of iceblast (15)
 q - a wand of flame (4)
 w - a wand of acid (8)
Scrolls
 n - 2 scrolls of identify
 t - a scroll of amnesia
 u - a scroll of brand weapon
Potions
 d - 3 potions of curing
 g - 3 potions of mutation
 i - 2 potions of attraction
 m - 4 potions of brilliance
 v - a potion of flight
 z - 2 potions of lignification


   Skills:
 + Level 5.3 Fighting
 * Level 9.6 Short Blades
 * Level 7.6 Throwing
 - Level 1.7 Dodging
 * Level 15.1 Stealth
 * Level 5.7 Invocations
 + Level 1.8 Evocations


You had 10 spell levels left.
You didn't know any spells.
Your spell library contained the following spells:

 Spells                   Type           Power      Damage    Failure   Level
 Animate Skeleton         Necr           0%         N/A       28%         1
 Apportation              Tloc           0%         N/A       28%         1
 Corona                   Hex            0%         N/A       28%         1
 Freeze                   Ice            0%         1d3       28%         1
 Sandblast                Erth           0%         2d4       28%         1
 Shock                    Conj/Air       0%         1d3       28%         1
 Summon Small Mammal      Summ           0%         N/A       28%         1
 Passwall                 Tmut/Erth      0%         N/A       41%         2
 Static Discharge         Conj/Air       0%         N/A       41%         2
 Frozen Ramparts          Ice            0%         1d2       65%         3
 Ozocubu's Armour         Ice            0%         N/A       65%         3
 Stone Arrow              Conj/Erth      0%         3d7       65%         3
 Swiftness                Air            0%         N/A       65%         3
 Airstrike                Air            0%         N/A       96%         4
 Cause Fear               Hex            0%         N/A       96%         4
 Hailstorm                Conj/Ice       0%         3d3       96%         4
 Petrify                  Tmut/Erth      0%         N/A       96%         4
 Lee's Rapid Deconstruct  Erth           0%         3d5*      100%        5
 Lightning Bolt           Conj/Air       0%         1d11      100%        5
 Metabolic Englaciation   Hex/Ice        0%         N/A       100%        5
 Silence                  Hex/Air        0%         N/A       100%        5
 Yara's Violent Unravell  Hex/Tmut       0%         3d3       100%        5
 Discord                  Hex            0%         N/A       100%        8


Dungeon Overview and Level Annotations

Branches:
Dungeon (11/15)            Temple (1/1) D:4            Lair (1/6) D:9
    Orc (0/2) D:11        Ossuary (visited)

Altars:
Dithmenos
Elyvilon
Fedhas
Hepliaklqana
Makhleb
Nemelex Xobeh
Okawaru
Ru
Sif Muna
Wu Jian
Zin
The Shining One

Shops:
D:4 *

Annotations:
D:5 Menkaure
D:9 3 runed translucent doors, krigyl's ghost, novice DEIE
D:11 3 runed translucent doors, HendSelp's ghost, journeyman MiGl; MikuNakano's ghost, journeyman VSBe; Sobieck's ghost, journeyman KoBr; dracfodder's ghost, journeyman GrFE; freelancePsychic's ghost, journeyman KoBe


Innate Abilities, Weirdness & Mutations

You cannot wear most types of armour.
You are amphibious.
You can wear up to eight rings at the same time.
Your skin changes colour to match your surroundings (Stealth+).
Your rubbery body absorbs attacks. (AC +1, EV +1)
((You are camouflaged near water. (Stealth+)))
You have tentacles for arms and can constrict up to eight enemies at once.


Message History

You hit the yak. You squeeze the yak.
You kill the yak!
Dithmenos accepts your kill.
You start resting.
HP restored.
You now have 2032 gold pieces (gained 17).
Found 20 sling bullets.
Found 26 bolts and a twisted copper wand.
Found 23 gold pieces.
The slime creature quivers. x2
Two slime creatures merge to form a large slime creature.
w - a wand of acid (8)
You see here a yak corpse.
There is a stone staircase leading down here.
A six-headed hydra comes into view.
The six-headed hydra roars!
The six-headed hydra barely misses you. The six-headed hydra bites you.
The six-headed hydra closely misses you.
The six-headed hydra bites you.
The six-headed hydra closely misses you.
The six-headed hydra bites you but does no damage.
As you read the scroll of fog, it crumbles to dust.
The scroll dissolves into smoke.
The six-headed hydra bites you!
The six-headed hydra closely misses you.
The six-headed hydra bites you! x2; The six-headed hydra misses you.
The six-headed hydra bites you!
* * * LOW HITPOINT WARNING * * *
The six-headed hydra misses you. The six-headed hydra bites you!
* * * LOW HITPOINT WARNING * * *
The six-headed hydra bites you but does no damage. x2
The six-headed hydra barely misses you.
The six-headed hydra bites you but does no damage.
Okay, then.
Okay, then.
Aiming: Shadow Step
Press: ? - help, Dir - move target, f - six-headed hydra
Aim: a six-headed hydra (black smoke, umbra)
You step into the six-headed hydra's shadow.
The six-headed hydra bites you!
You die...

#### ###
#§§#######.####
#§D§§§.......(###
#@#########.....##
#§§# #..........
#§## #.###..####
#. #.# ##.># #.
#.# ##... #. #.##
##.. #. #..# #.
##.### . #...###


You could see a six-headed hydra.

Vanquished Creatures
  A two-headed ogre (D:10)
  Joseph (D:9)
  An unseen horror (D:10)
  Maggie (D:8)
  4 kobold demonologists
  A komodo dragon (D:9)
  A hornet (D:9)
  2 blink frogs
  12 yaks
  A vampire (D:9)
  A shadow (D:11)
  A steam dragon (D:6)
  A black bear (D:7)
  2 sky beasts
  An ice beast (D:8)
  A necrophage (D:7)
  7 centaurs
  2 phantoms (D:11)
  2 kobold brigands (D:10)
  3 bullfrogs
  2 gnoll sergeants (D:9)
  4 scorpions
  3 troll zombies (D:11)
  4 killer bees (D:8)
  3 howler monkeys
  4 wights (D:7)
  4 centaur zombies
  2 jellies
  7 orc priests
  2 bullfrog skeletons (D:5)
  2 centaur skeletons
  Terence (D:2)
  A scorpion zombie (D:5)
  5 orc wizards
  A killer bee zombie (D:9)
  5 ogre zombies (D:11)
  8 mummies (Ossuary)
  3 howler monkey zombies
  10 gnolls
  5 adders
  2 white imps
  2 ufetubi (D:6)
  An adder skeleton (D:4)
  4 worms (D:2)
  2 dart slugs
  27 orcs
  6 bats
  5 endoplasms
  2 giant cockroaches
  3 hobgoblins
  3 jackals (D:2)
  15 kobolds
  3 quokkas
  3 ball pythons
  A frilled lizard (D:3)
  A gnoll zombie (Ossuary)
  7 goblins
  2 goblin skeletons (D:11)
  3 goblin zombies (D:11)
  2 hobgoblin skeletons (D:11)
  7 hobgoblin zombies
  2 kobold zombies (Ossuary)
  6 orc skeletons (D:11)
  10 orc zombies
  7 rats
248 creatures vanquished.

Vanquished Creatures (others)
  10 plants
10 creatures vanquished.

Grand Total: 258 creatures vanquished

Notes
Turn   | Place    | Note
-------+----------+-------------------------------------------
     0 | D:1      | Wyvernaa the Octopode Brigand began the quest for the Orb.
     0 | D:1      | Reached XP level 1. HP: 14/14 MP: 1/1
   322 | D:1      | Reached XP level 2. HP: 19/19 MP: 2/2
   675 | D:1      | Reached skill level 6 in Stealth
  1037 | D:2      | Reached XP level 3. HP: 24/24 MP: 3/3
  1234 | D:2      | Reached XP level 4. HP: 29/29 MP: 4/4
  1487 | D:2      | Noticed Terence
  1500 | D:2      | Killed Terence
  1660 | D:2      | Found a faded altar of an unknown god.
  2026 | D:3      | Reached skill level 7 in Stealth
  2071 | D:3      | Reached XP level 5. HP: 34/34 MP: 5/5
  2656 | D:3      | Found an iron altar of Okawaru.
  3022 | D:4      | Found a glowing silver altar of Zin.
  3030 | D:4      | Reached XP level 6. HP: 39/39 MP: 6/6
  3037 | D:4      | Found a hazy altar of Hepliaklqana.
  3044 | D:4      | Found Micun's General Store.
  3045 | D:4      | Found an ornate altar of the Wu Jian Council.
  3079 | D:4      | Found a sparkling altar of Nemelex Xobeh.
  3202 | D:4      | Found a staircase to the Ecumenical Temple.
  3222 | Temple   | Entered the Ecumenical Temple
  3242 | Temple   | Became a worshipper of Dithmenos the Shadowed
  3326 | D:5      | Entered Level 5 of the Dungeon
  3326 | D:5      | Noticed a sky beast
  3328 | D:5      | Killed a sky beast
  3338 | D:5      | Reached skill level 8 in Stealth
  3346 | D:5      | Reached XP level 7. HP: 36/45 MP: 7/7
  3352 | D:5      | Found a sacrificial altar of Ru.
  3355 | D:5      | Noticed Menkaure
  3704 | D:5      | Identified a scroll of acquirement
  3704 | D:5      | Acquired 1097 gold pieces
  4259 | D:6      | Reached skill level 9 in Stealth
  4304 | D:6      | Noticed a steam dragon
  4317 | D:6      | Killed a steam dragon
  4317 | D:6      | Reached * piety under Dithmenos
  4318 | D:6      | Reached skill level 5 in Short Blades
  4318 | D:6      | Reached skill level 5 in Throwing
  4318 | D:6      | Reached skill level 1 in Invocations
  4318 | D:6      | Reached XP level 8. HP: 51/51 MP: 8/8
  4802 | D:7      | Found a sand-covered staircase.
  4808 | Ossuary  | Entered an ossuary
  4901 | Ossuary  | Reached ** piety under Dithmenos
  5524 | D:7      | Reached skill level 10 in Stealth
  5963 | D:7      | Reached XP level 9. HP: 56/56 MP: 10/10
  6206 | D:7      | Reached skill level 1 in Evocations
  6870 | D:8      | Noticed Maggie
  6886 | D:8      | Killed Maggie
  6887 | D:8      | Reached skill level 11 in Stealth
  7762 | D:9      | Found a runed translucent gate.
  7762 | D:9      | Found a runed translucent gate.
  7762 | D:9      | Found a runed translucent gate.
  7763 | D:9      | Noticed a kobold demonologist
  7767 | D:9      | Noticed krigyl's ghost (novice DEIE)
  7772 | D:9      | Noticed a deep troll
  7791 | D:9      | Found a staircase to the Lair.
  8017 | D:9      | Reached skill level 12 in Stealth
  8111 | D:9      | Noticed a kobold demonologist
  8113 | D:9      | Noticed a red devil
  8241 | D:9      | Killed a kobold demonologist
  8362 | D:9      | Noticed a hornet
  8368 | D:9      | Killed a hornet
  8369 | D:9      | Reached XP level 10. HP: 63/63 MP: 12/12
  8431 | D:9      | Noticed Joseph
  8434 | D:9      | Killed Joseph
  8540 | Lair:1   | Entered Level 1 of the Lair of Beasts
  8603 | Lair:1   | Reached skill level 13 in Stealth
  8702 | D:10     | Entered Level 10 of the Dungeon
  8913 | D:10     | Reached *** piety under Dithmenos
  9006 | D:10     | Noticed a kobold demonologist
  9009 | D:10     | Noticed a kobold demonologist
  9010 | D:10     | Noticed a kobold demonologist
  9013 | D:10     | Killed a kobold demonologist
  9014 | D:10     | Noticed a two-headed ogre
  9018 | D:10     | Killed a kobold demonologist
  9035 | D:10     | Noticed an orange demon
  9347 | D:10     | Reached skill level 5 in Invocations
  9390 | D:10     | Killed a kobold demonologist
  9391 | D:10     | Reached skill level 14 in Stealth
  9425 | D:10     | Killed a two-headed ogre
  9426 | D:10     | Reached skill level 5 in Fighting
  9426 | D:10     | Reached XP level 11. HP: 33/71 MP: 14/14
  9814 | D:11     | Found a staircase to the Orcish Mines.
  9990 | D:11     | Reached **** piety under Dithmenos
 10484 | D:11     | Reached skill level 15 in Stealth
 10562 | D:11     | Found a runed translucent gate.
 10564 | D:11     | Noticed HendSelp's ghost (journeyman MiGl)
 10565 | D:11     | Found a runed translucent gate.
 10566 | D:11     | Found a runed translucent gate.
 10566 | D:11     | Noticed freelancePsychic's ghost (journeyman KoBe)
 10566 | D:11     | Noticed Sobieck's ghost (journeyman KoBr)
 10566 | D:11     | Noticed MikuNakano's ghost (journeyman VSBe)
 10567 | D:11     | Noticed dracfodder's ghost (journeyman GrFE)
 10929 | D:11     | Noticed a six-headed hydra
 10934 | D:11     | Mangled by a six-headed hydra

Illustrated notes

Levels and vault maps discovered:
D:1:      dpeg_arrival_tiny_k, layout_basic, serial_co_window_serial,
          co_window_paths_a, co_window_of_opportunity_a, co_window_corner_a,
          co_window_paths_a, co_window_cross_1, co_window_unsneaky_path_d,
          co_window_corner_ca, co_window_broadway_c, co_window_broadway_a,
          glass_columns_a, glass_columns_a, serial_park_tiny_2, st_stairs_1,
          chequers_mini_garden
D:2:      layout_loops_ring, serial_rivers, chequers_serial_rivers_large_b,
          chequers_serial_rivers_small_a, chequers_serial_rivers_micro_d,
          chequers_serial_rivers_small_3, chequers_serial_rivers_micro_e,
          hellmonk_ecumenical_altar_heavens_door, item_on_display_a,
          uniq_terence
D:3:      layout_loops_ring, okawaru_metal_pillars_1_2, serial_forest,
          infiniplex_forest_clump_double, infiniplex_forest_clump_tiny,
          infiniplex_forest_straight_3, infiniplex_forest_zigzag_1,
          infiniplex_forest_clump_large, infiniplex_forest_clump_medium,
          infiniplex_forest_clump_small, infiniplex_forest_lined_3,
          infiniplex_forest_clump_small, infiniplex_forest_lined_2,
          chequers_garden
D:4:      layout_basic, old_standard_altar, lemuel_crystal_altar,
          lemuel_crystal_altar, lemuel_doored_altar,
          minmay_temple_entry_offerings, serial_shops, shop, eino_tiny_chamber
D:5:      layout_rooms, old_standard_altar, serial_curves, eino_curves_04,
          eino_curves_01, corexii_hall_statues_x, uniq_menkaure
D:6:      layout_gridville
D:7:      layout_loops_corners, nicolae_ossuary_entry_plus,
          nrook_mini_backslash, grunt_ministairs_11
D:8:      layout_basic, serial_curves, eino_curves_01, eino_curves_02,
          uniq_maggie
D:9:      layout_loops_ring, dpeg_oklobed_lair, gammafunk_ghost_split,
          uniq_joseph
D:10:     layout_stronghold, lightli_orcish_oven
D:11:     layout_rooms, zombieorc2_lemuel, gammafunk_ghost_cemetery
Temple:   eino_temple_rhombus
Lair:1:   layout_gridlike

Skill      XL: |  1  2  3  4  5  6  7  8  9 10 11 |
---------------+----------------------------------+-----
Stealth        | 6 7 8 9 10 12 14 15 | 15.1
Throwing       | 3 4 5 6 7 |  7.6
Short Blades   | 3 5 7 9 |  9.6
Invocations    | 1 2 3 5 |  5.7
Fighting       | 3 4 5 |  5.3
Evocations     | 1 |  1.8
Dodging        | |  1.7

Action                   |  1- 3 |  4- 6 |  7- 9 | 10-12 || total
-------------------------+-------+-------+-------+-------++-------
Melee: Dagger            |    39 |    97 |   248 |       ||   384
       Constrict         |     9 |    21 |    47 |    30 ||   107
       Tentacles         |     4 |    22 |    85 |    66 ||   177
       Short sword       |       |       |    54 |   276 ||   330
Throw: Dart              |    22 |    12 |    34 |    13 ||    81
       Throwing net      |       |     1 |     3 |       ||     4
       Boomerang         |       |       |     5 |       ||     5
Invok: Shadow Step       |       |       |       |     1 ||     1
Evoke: Wand              |       |       |    12 |       ||    12
  Use: Scroll            |     2 |     2 |    17 |     2 ||    23
       Potion            |       |       |     9 |     5 ||    14
 Stab: Sleeping          |     6 |    17 |    19 |    21 ||    63
       Held in net/web   |       |     1 |       |       ||     1
       Distracted        |       |       |     1 |     1 ||     2
       Invisible         |       |       |       |     1 ||     1
Armor: Skin              |     5 |    17 |    79 |   111 ||   212
Dodge: Dodged            |    14 |    51 |   161 |   184 ||   410

Table legend: (Time is in decaauts)
 A = Elapsed time spent in this place.
 B = Non-inter-level travel time spent in this place.
 C = Inter-level travel time spent in this place.
 D = Time resting spent in this place.
 E = Time spent auto-exploring this place.
 F = Levels seen in this place.
 G = Mean time per level.
                   A        B        C        D        E       F      G
               +--------+--------+--------+--------+--------+-----+--------+
         Total |  10721 |  10463 |    258 |   1244 |   4912 |  14 |  765.8 |
       Dungeon |  10249 |   9991 |    258 |   1041 |   4894 |  11 |  931.7 |
        Temple |     27 |     27 |      0 |      0 |      0 |   1 |   27.0 |
          Lair |     17 |     17 |      0 |      0 |      0 |   1 |   17.0 |
       Ossuary |    427 |    427 |      0 |    203 |     18 |   1 |  427.0 |
               +--------+--------+--------+--------+--------+-----+--------+

Top non-repeatable levels by time:
     D:8: 1386 daAuts
     D:7: 1250 daAuts
    D:10: 1250 daAuts
     D:1: 976 daAuts
     D:9: 958 daAuts
     D:2: 953 daAuts
     D:3: 939 daAuts
    D:11: 857 daAuts
     D:5: 669 daAuts
     D:6: 553 daAuts
     D:4: 454 daAuts
 Ossuary: 427 daAuts
  Temple: 27 daAuts
  Lair:1: 17 daAuts
